Map: Dusk Towers

Players

llllllllllll - Winner!

  • Race: Terran Terran
  • League: Master

Jason

  • Race: Terran Terran
  • League: Grandmaster

VOD

Have the link to the VOD?

Description

Time

  • Played on: Jan. 20, 2016, 11:20 p.m.
  • Length: 19:58
Show
View Real Time Build Order
Export as new Build Order

llllllllllll Terran - Winner!

Build Orders: Reaper Expand, Mech 

Get SALT Encoding   

  12  0:01  SCV  
  13  0:13  SCV  
  14  0:18  Supply Depot  
  14  0:25  SCV  
  15  0:39  SCV  
  16  0:43  Barracks  
  16  0:46  Refinery  
  16  0:51  SCV  
  17  1:03  SCV  
  18  1:15  SCV  
  20  1:33  Orbital Command  
  20  1:39  Command Center  
  19  1:42  Reaper  
  20  1:54  Supply Depot  
  20  1:59  SCV  
  21  2:10  Factory  
  21  2:11  SCV  
  21  2:14  Refinery  
  21  2:23  SCV  
  21  2:24  Barracks Reactor  
  22  2:35  SCV  
  23  2:47  SCV  
  24  2:53  Starport  
  24  2:55  Orbital Command  
  24  2:59  SCV  
  25  3:07  Hellion x2  
  25  3:12  SCV  
  30  3:24  SCV  
  31  3:29  Hellion x2  
  31  3:30  Medivac  
  31  3:34  SCV  
  38  3:50  Command Center, SCV  
  38  3:52  Supply Depot  
  39  4:00  SCV  
  39  4:02  SCV  
  41  4:10  Hellion x2  
  41  4:12  Barracks Tech Lab  
  41  4:15  Factory  
  45  4:18  SCV x2  
  47  4:24  Viking  
  47  4:31  SCV  
  49  4:36  Hellion  
  49  4:37  Hellion  
  53  4:41  SCV  
  53  4:44  Refinery  
  53  4:45  Barracks Reactor, Supply Depot  
  54  4:59  SCV  
  53  5:06  SCV x2  
  55  5:14  SCV  
  55  5:16  Hellion x2  
  55  5:20  Factory, Orbital Command  
  58  5:22  Factory, SCV  
  58  5:23  Supply Depot  
  58  5:24  Hellion  
  58  5:26  Infernal Pre-Igniter  
  57  5:39  SCV x2  
  57  5:43  Refinery  
  57  5:45  Hellion  
  57  5:46  Hellion x2  
  59  6:00  Viking x2  
  57  6:05  Hellion  
  57  6:07  Hellion x4  
  63  6:16  SCV x2  
  65  6:26  Armory  
  65  6:28  Engineering Bay  
  65  6:29  Supply Depot  
  65  6:30  Viking x2  
  69  6:36  Factory Tech Lab  
  69  6:37  SCV  
  69  6:38  Factory Tech Lab  
  70  6:40  SCV  
  70  6:41  Orbital Command  
  70  6:46  Siege Tank  
  74  6:47  Hellion x2  
  74  6:50  SCV  
  74  6:52  SCV  
  74  6:54  Supply Depot x2  
  80  6:55  Supply Depot  
  80  7:00  Medivac x2  
  82  7:10  SCV x2  
  82  7:11  SCV  
  85  7:17  Siege Tank x2  
  85  7:18  Siege Tank  
  85  7:19  Hellion x2  
  85  7:22  SCV x2  
  100  7:26  SCV  
  101  7:31  Supply Depot, Sensor Tower  
  101  7:32  Supply Depot  
  101  7:33  Supply Depot  
  101  7:46  Hellion x2  
  101  7:49  Siege Tank, SCV x2  
  101  7:50  Siege Tank, SCV  
  114  7:53  Refinery  
  114  7:54  Refinery  
  114  8:03  Missile Turret x2  
  114  8:06  Missile Turret  
  114  8:07  Missile Turret  
  114  8:08  Terran Vehicle Weapons Level 1, Missile Turret x2  
  114  8:15  SCV x2  
  114  8:18  SCV  
  117  8:20  Supply Depot  
  117  8:24  Siege Tank x2  
  117  8:25  Hellion  
  125  8:34  SCV  
  114  8:42  Viking  
  114  8:43  Viking  
  114  8:44  Siege Tank  
  114  8:45  Hellion  
  114  8:46  Hellion  
  121  8:51  SCV x2  
  123  8:56  Siege Tank  
  124  9:09  Siege Tank  
  129  9:10  Hellion x2  
  129  9:12  Viking  
  129  9:13  Viking  
  129  9:16  Siege Tank  
  138  9:17  Command Center  
  138  9:29  Hellion  
  142  9:31  Hellion  
  142  9:32  Hellion  
  129  9:41  Siege Tank  
  121  9:48  Siege Tank  
  121  9:50  Hellion  
  123  9:52  Hellion  
  123  9:53  Hellion  
  117  10:11  Terran Vehicle Weapons Level 2, Siege Tank  
  117  10:13  Siege Tank  
  125  10:14  Hellion  
  125  10:15  Hellion  
  125  10:17  Command Center x2  
  125  10:18  Missile Turret  
  125  10:20  Siege Tank  
  130  10:21  Missile Turret  
  130  10:22  Missile Turret  
  130  10:28  Missile Turret  
  130  10:30  Missile Turret  
  130  10:32  Missile Turret  
  132  10:35  Hellion, Sensor Tower  
  132  10:43  Siege Tank  
  132  10:45  Siege Tank  
  136  10:53  Siege Tank, Hellion  
  135  11:06  Missile Turret  
  135  11:07  Missile Turret  
  135  11:08  Missile Turret x2  
  135  11:15  Siege Tank  
  135  11:17  Siege Tank  
  141  11:19  Hellion x2  
  141  11:20  Planetary Fortress  
  141  11:23  Missile Turret  
  141  11:25  Siege Tank, Sensor Tower  
  148  11:30  SCV  
  148  11:31  SCV  
  143  11:40  Hellion  
  143  11:43  Orbital Command x2  
  143  11:46  Refinery  
  143  11:48  Siege Tank  
  143  11:49  Siege Tank  
  143  11:51  Refinery  
  149  11:56  Armory  
  149  12:08  Medivac x2  
  153  12:09  Siege Tank, Hellion x2  
  153  12:13  Building Armor  
  160  12:20  Siege Tank  
  160  12:22  Hellion  
  165  12:25  Command Center  
  165  12:46  Siege Tank x2  
  165  12:47  Hellion x2  
  175  12:52  Siege Tank  
  175  12:56  Command Center  
  178  12:58  Starport  
  178  13:00  Starport  
  178  13:01  Starport  
  178  13:08  Hellion x2  
  182  13:18  Siege Tank x2  
  188  13:24  Siege Tank  
  191  13:30  Hellion  
  191  13:33  Terran Ship Weapons Level 1, Terran Vehicle And Ship Armor Level 1  
  193  13:36  Starport Tech Lab  
  193  13:37  Hellion  
  193  13:38  Starport Tech Lab  
  195  13:42  Starport Tech Lab  
  195  13:44  Command Center  
  195  13:50  Siege Tank  
  195  13:51  Hellion  
  200  13:56  Orbital Command  
  194  14:06  Refinery  
  194  14:09  Sensor Tower  
  188  14:13  Refinery  
  188  14:17  Planetary Fortress  
  188  14:19  Missile Turret x2  
  188  14:21  Missile Turret  
  188  14:24  Raven x2, Corvid Reactor, Explosive Shrapnel Shells  
  188  14:25  Orbital Command  
  188  14:26  Raven  
  193  14:55  Missile Turret  
  193  14:56  Hi-Sec Auto Tracking  
  193  14:57  Missile Turret  
  193  14:58  Missile Turret  
  193  15:00  Missile Turret  
  189  15:14  Raven x2  
  184  15:15  Raven  
  184  15:17  Missile Turret  
  184  15:19  Missile Turret  
  188  15:23  Missile Turret  
  188  15:24  Missile Turret  
  188  15:32  Missile Turret  
  188  15:33  Missile Turret  
  188  15:34  Missile Turret  
  188  15:57  Raven x2  
  188  15:58  Raven  
  188  16:02  Siege Tank x2  
  194  16:39  Raven, Viking  
  196  16:40  Viking  
  191  16:47  Raven x2  
  191  16:51  Planetary Fortress  
  181  17:09  Viking  
  181  17:10  Viking  
  181  17:11  Hellion x3  
  147  17:22  Viking  
  166  17:30  Raven, Viking  
  166  17:33  Cyclone x3  
  166  17:34  Hellion x2  
  156  17:39  Viking  
  141  17:53  Mag-Field Accelerator  
  141  17:55  Hellion  
  141  17:56  Drilling Claws  
  135  18:05  Cyclone  
  136  18:09  Command Center  
  136  18:13  SCV x3  
  136  18:14  SCV x3  
  136  18:15  SCV  
  143  18:21  Cyclone x2  
  143  18:22  Widow Mine x2  
  153  18:41  Viking x2  
  153  18:42  Raven  
  153  18:45  Viking  
  161  19:03  Widow Mine x3  
  161  19:04  Widow Mine x2  
Show
View Real Time Build Order
Export as new Build Order

Jason Terran 

Build Orders: Reaper Expand, MMM Bio 

Get SALT Encoding   

  12  0:01  SCV  
  13  0:13  SCV  
  14  0:17  Supply Depot  
  14  0:25  SCV  
  15  0:38  SCV  
  15  0:40  Barracks  
  16  0:43  Refinery  
  16  0:50  SCV  
  17  1:03  SCV  
  18  1:15  SCV  
  19  1:28  Orbital Command  
  19  1:29  Reaper  
  20  1:42  Command Center  
  20  1:54  Supply Depot, SCV  
  21  2:01  Reaper  
  21  2:07  SCV  
  23  2:19  SCV  
  24  2:23  Factory  
  24  2:31  SCV  
  24  2:33  Refinery  
  25  2:42  Barracks Reactor  
  25  2:43  SCV  
  26  2:51  Command Center  
  26  2:55  SCV  
  27  2:59  Orbital Command  
  27  3:07  SCV  
  27  3:09  Factory Tech Lab  
  28  3:15  Starport  
  28  3:19  Marine, SCV  
  29  3:21  Marine  
  29  3:24  SCV  
  32  3:31  SCV  
  33  3:36  SCV  
  33  3:38  Engineering Bay  
  33  3:39  Marine x2  
  36  3:43  SCV  
  36  3:45  Cyclone  
  39  3:48  SCV  
  40  3:55  SCV  
  40  3:56  Viking  
  40  3:59  Marine  
  40  4:00  Marine  
  40  4:01  SCV  
  46  4:08  Orbital Command, SCV  
  46  4:13  SCV  
  46  4:16  Missile Turret  
  47  4:18  Missile Turret  
  47  4:20  SCV  
  47  4:22  Cyclone  
  51  4:28  Marine  
  51  4:29  SCV  
  51  4:30  Marine  
  54  4:32  SCV  
  54  4:34  SCV  
  56  4:38  Barracks  
  56  4:41  SCV  
  56  4:45  Barracks, SCV  
  58  4:46  SCV  
  58  4:51  Refinery  
  59  4:53  SCV  
  57  5:06  SCV  
  56  5:07  Marine  
  56  5:10  Marine  
  56  5:11  SCV  
  59  5:16  SCV  
  59  5:18  SCV  
  61  5:24  Refinery  
  61  5:28  Supply Depot x2  
  61  5:31  Marine, SCV  
  61  5:33  Barracks Tech Lab x2  
  59  5:36  Siege Tank  
  61  5:45  Supply Depot  
  61  5:48  Starport Reactor  
  61  5:49  SCV x3  
  64  5:53  Barracks  
  64  5:54  Barracks  
  64  6:01  SCV x2  
  63  6:05  Marine  
  63  6:07  Marine x3  
  63  6:08  Combat Shields  
  63  6:09  Stimpack  
  63  6:10  Orbital Command  
  68  6:14  SCV x2  
  66  6:22  Supply Depot x2  
  66  6:23  Marine  
  66  6:24  Siege Tank  
  70  6:26  SCV x2  
  72  6:32  Marine  
  72  6:33  Marine  
  72  6:36  SCV  
  72  6:38  SCV  
  72  6:39  Marauder  
  78  6:41  Terran Infantry Weapons Level 1, SCV  
  78  6:45  Engineering Bay  
  79  6:48  SCV  
  79  6:49  Medivac, Barracks Tech Lab x2  
  79  6:52  Marine x2  
  79  6:53  SCV  
  85  6:55  SCV  
  85  6:58  Marauder  
  85  7:00  SCV  
  89  7:02  Siege Tank  
  89  7:05  SCV  
  93  7:08  Concussive Shells  
  93  7:09  Marauder x2  
  93  7:10  SCV  
  93  7:11  Marauder, Marine  
  101  7:18  Supply Depot, SCV  
  101  7:19  Supply Depot, SCV  
  101  7:20  Terran Infantry Armor Level 1  
  101  7:22  Medivac  
  105  7:23  Medivac  
  105  7:25  SCV  
  105  7:27  Marine  
  109  7:33  Refinery x2  
  109  7:39  Marine  
  109  7:40  Marauder x2, SCV x2  
  109  7:41  Supply Depot x2  
  116  7:44  Armory, SCV  
  116  7:45  Marine x2  
  116  7:49  Marauder  
  121  7:52  SCV  
  121  7:57  Marine  
  121  7:58  Sensor Tower  
  123  8:01  Marine x2  
  123  8:02  Sensor Tower, SCV  
  123  8:03  Marine x2  
  128  8:07  Supply Depot  
  128  8:09  Supply Depot, Marine  
  129  8:15  Marine  
  129  8:19  Marauder, Marine  
  133  8:28  Marauder  
  133  8:31  SCV  
  131  8:37  SCV  
  127  8:44  SCV x2  
  127  8:48  Marine  
  130  8:49  SCV  
  130  8:50  Marauder x2, Marine x2  
  130  8:51  Siege Tank, Marauder  
  142  8:56  SCV x2  
  142  8:57  Terran Infantry Weapons Level 2  
  142  9:01  SCV  
  145  9:05  Marine  
  145  9:07  Marine  
  145  9:08  Medivac x2, Marauder, SCV x2  
  155  9:11  Marauder  
  155  9:13  Factory  
  155  9:16  Starport, Supply Depot, Marine, SCV  
  159  9:18  Marine  
  160  9:38  Medivac  
  118  9:39  Marine  
  118  9:40  Marauder  
  118  9:44  Marine  
  118  9:45  Marauder, SCV  
  96  9:46  Marine  
  96  9:48  Marine, SCV x2  
  88  9:56  Command Center  
  88  9:57  Marine, SCV  
  89  10:00  SCV x2  
  89  10:03  Marine x2  
  89  10:04  Marine  
  94  10:08  Factory Tech Lab, Starport Reactor  
  94  10:09  SCV  
  94  10:10  Siege Tank  
  94  10:12  SCV x2  
  100  10:14  Terran Infantry Armor Level 2  
  100  10:21  Marine x5, SCV  
  100  10:24  SCV  
  107  10:32  Marauder  
  107  10:33  SCV  
  107  10:35  Siege Tank  
  113  10:36  SCV  
  113  10:38  SCV  
  113  10:39  Marine x2  
  113  10:41  Marine  
  113  10:42  Marauder, Marine  
  120  10:44  Terran Vehicle Weapons Level 1  
  120  10:45  SCV  
  120  10:48  SCV  
  122  10:53  Siege Tank, Marauder  
  122  10:55  Medivac x2  
  122  10:56  Medivac, Marine  
  122  10:57  Marine  
  134  11:05  Medivac  
  134  11:09  Marine  
  134  11:10  Marauder  
  139  11:13  SCV  
  139  11:15  SCV x2  
  142  11:20  Marine x2  
  142  11:21  Marauder, Marine  
  142  11:22  Sensor Tower  
  142  11:23  Siege Tank  
  142  11:25  Siege Tank, SCV  
  154  11:27  Refinery, Marine  
  154  11:30  Marine  
  156  11:35  SCV x2  
  156  11:37  Planetary Fortress  
  158  11:40  Marauder, Refinery, Marine  
  158  11:43  Marine  
  158  11:44  Marauder  
  168  11:48  Viking x2  
  168  11:54  Viking  
  170  11:55  Viking  
  170  11:59  Marine, SCV  
  170  12:00  Marauder  
  176  12:03  Marauder  
  176  12:06  Siege Tank  
  176  12:07  Marine  
  182  12:09  Siege Tank  
  185  12:20  Marauder  
  185  12:21  Command Center  
  187  12:31  Supply Depot, Viking x2  
  187  12:36  Supply Depot  
  191  12:40  Marine  
  191  12:41  Terran Infantry Weapons Level 3  
  191  12:42  Terran Infantry Armor Level 3  
  192  12:45  Viking  
  192  12:51  Terran Ship Weapons Level 1  
  194  12:52  Viking  
  196  13:00  Starport  
  196  13:02  Starport  
  196  13:05  Marine  
  197  13:06  Marauder, Marine  
  200  13:30  Refinery  
  200  13:35  Refinery  
  200  13:36  Sensor Tower  
  200  13:51  Starport Tech Lab  
  200  13:52  Starport Tech Lab  
  197  14:09  Viking  
  199  14:21  Fusion Core  
  199  14:23  Command Center  
  198  14:24  Command Center  
  198  14:25  Command Center  
  198  14:35  Marauder  
  200  14:39  Planetary Fortress  
  200  14:43  Command Center  
  200  14:44  Command Center  
  200  14:51  Starport x2  
  200  14:52  Starport  
  192  15:10  Battlecruiser x2  
  183  15:22  Viking  
  183  15:24  Marine  
  183  15:25  Marauder  
  188  15:30  Terran Ship Weapons Level 2  
  188  15:33  Starport Tech Lab x2, Marine  
  189  15:42  Viking  
  191  15:48  Orbital Command x2  
  191  16:01  Battlecruiser  
  170  16:14  Battlecruiser  
  170  16:16  Battlecruiser  
  162  16:39  Battlecruiser  
  142  17:02  Viking x3  
  142  17:06  Battlecruiser  
  142  17:08  Marauder, Marine x2  
  154  17:09  Marine  
  154  17:13  Marine x2  
  151  17:18  Battlecruiser  
  141  17:25  Marine  
  141  17:26  Viking  
  141  17:27  Marauder  
  141  17:28  Marine  
  139  17:30  Marauder  
  139  17:31  Marine  
  139  17:34  Viking  
  139  17:36  Orbital Command  
  126  17:47  SCV  
  126  17:48  SCV  
  121  17:54  SCV  
  121  17:55  Viking x2  
  121  17:58  SCV  
  124  18:06  Viking  
  124  18:08  Viking  
  128  18:29  Battlecruiser  
  128  18:32  Planetary Fortress  
  134  18:35  Refinery, SCV x2  
  134  18:36  Refinery, SCV  
  134  18:38  SCV x2  
  139  18:42  Marine x2  
  139  18:43  Marauder, Marine  
  144  18:51  Viking  
  146  18:58  Raven  
  146  18:59  Raven  
  156  19:04  Siege Tank  
  156  19:09  Siege Tank, Marine  
  162  19:14  Marine x2  
  162  19:15  Marauder  
  167  19:18  Orbital Command  
  174  19:42  Sensor Tower  
Tags
 
Add a new tag
Caveats
  • Supply blocks, unpowered buildings, or Contaminate may cause inaccurate times.
  • Supply counts are checked every 10 seconds.